AoeStats
← Murderer Potato

Nomad

509256132Analyzed
3v3 RM · 6d ago on Sep 26, 2026· 46m 38s· 6 players
Game mode
Random Map
Map size
210×210
Population
200
Speed
Normal
Resources
Standard
Victory
Conquest
Starting age
Dark Age
Ending age
Imperial Age
RankedLock teamsTeams togetherTeam positionsShared explorationLock speedFull tech treeHidden civsTurbo modeCheats
Victory
Defeat
🇦🇷 Italians · Argentina
1244
+13
🇨🇱 Vietnamese · Chile
1170
+16
🇨🇱 Aztecs · Chile
1086
+18
🇨🇱 Burgundians · Chile
1177
-16
🇨🇴 Persians · Colombia
1165
-16
🇧🇷 Koreans · Brazil
1146
-15
Murderer Potato
3:55 Loom
15:28 Feudal Age
19:42 Castle Age
18:33 Double-Bit Axe
19:38 Bow Saw
23:47 Medium Warships
25:53 Two-Man Saw
24:47 Stone Mining
24:48 Gold Mining
25:57 Fletching
26:08 Padded Archer Armor
30:01 Wheelbarrow
29:31 Bodkin Arrow
30:30 Elite Skirmisher
31:45 Ballistics
32:12 Hand Cart
36:17 Imperial Age
34:50 Horse Collar
CaOk_Emerson
5:32 Loom
13:39 Feudal Age
14:15 Double-Bit Axe
19:30 Castle Age
19:49 Gold Mining
19:43 Horse Collar
25:18 Scale Barding Armor
27:20 Stone Mining
43:41 Gold Shaft Mining
46:20 Bow Saw
46:07 Light Cavalry
DCB
3:10 Loom
14:35 Feudal Age
16:08 Double-Bit Axe
18:57 Castle Age
24:07 Medium Warships
24:30 Husbandry
26:15 Horse Collar
27:02 Town Watch
27:10 Demolition Ship
30:01 Fletching
30:54 Thumb Ring
31:09 Bodkin Arrow
31:19 Padded Archer Armor
33:09 Gold Mining
37:41 Wheelbarrow
39:56 Imperial Age
37:14 Light Cavalry
38:05 Bloodlines
38:35 Husbandry
40:03 Scale Barding Armor
40:09 Forging
40:22 Bow Saw
40:20 Heavy Plow
40:31 Hussar
40:35 Cavalier
43:15 Chain Barding Armor
43:31 Iron Casting
44:34 Kamandaran
44:55 Conscription
44:48 Thumb Ring
44:04 Crossbowman
efontealba
4:49 Loom
14:54 Feudal Age
15:52 Fishing Lines
21:25 Castle Age
20:17 Double-Bit Axe
20:14 Horse Collar
21:39 Fletching
22:34 Pikeman
23:55 Bodkin Arrow
23:48 Town Watch
26:23 Wheelbarrow
35:02 Fervor
35:13 Sanctity
34:58 Squires
36:48 Fervor
39:17 Imperial Age
38:29 Fervor
39:06 Sanctity
39:17 Sanctity
40:19 Conscription
44:18 Scale Mail Armor
45:36 Illumination
45:27 Block Printing
47:24 Ballistics
CBT Almendruzki
4:06 Loom
15:24 Feudal Age
18:11 Wheelbarrow
19:55 Castle Age
20:43 Double-Bit Axe
22:05 Bow Saw
31:30 Fletching
34:04 Squires
35:11 Sanctity
37:38 Imperial Age
37:29 Horse Collar
38:11 Scale Mail Armor
38:22 Forging
40:30 Chemistry
39:51 Ballistics
39:24 Fletching
43:22 Chain Mail Armor
43:42 Iron Casting
44:13 Siege Engineers
43:50 Elite Fire Lancer
45:15 Bodkin Arrow
45:45 Block Printing
Facuamu
3:42 Loom
13:21 Feudal Age
15:19 Double-Bit Axe
16:39 Gold Mining
20:59 Castle Age
19:09 Fletching
19:18 Stone Mining
21:09 Padded Archer Armor
22:19 Stone Shaft Mining
23:08 Wheelbarrow
25:33 Medium Warships
25:49 Ballistics
33:11 Leather Archer Armor
33:17 Horse Collar
36:11 Bloodlines
38:47 Hand Cart
38:17 Town Watch
39:45 Husbandry
42:42 Imperial Age
42:26 Forging
42:22 Scale Barding Armor
43:20 Light Cavalry
44:36 Heavy Plow
46:41 Chemistry
46:17 Bodkin Arrow
46:59 Iron Casting
46:28 Hussar
Connection lost

Rejoining the realm…

Still unreachable

The connection could not be restored.

Session expired

The server has moved on; the page needs a fresh start.